 Dungeon Crawl Stone Soup version 0.30.0-5-g1a98f26d00 (webtiles) character file.

Game seed: 16174418670290392817

152 Kass the Trooper (level 5, 0/43 HPs)
             Began as a Demonspawn Chaos Knight on May 12, 2023.
             Was a Plaything of Xom.
             Killed by nerve-wracking pain
             ... invoked by an orc priest
              (12 damage)
             ... on level 3 of the Dungeon.
             The game lasted 00:06:10 (1378 turns).

Kass the Trooper (Demonspawn Chaos Knight)          Turns: 1378, Time: 00:06:10

Health: 0/43       AC: 10    Str: 14    XL:     5   Next: 11%
Magic:  5/5        EV: 12    Int: 13    God:    Xom [...*..]
Gold:   48         SH:  0    Dex: 13    Spells: 4/4 levels left

rFire   . . .        a - +0 spear (chaos)
rCold   . . .        o - orb {light}
rNeg    . . .        b - +2 leather armour
rPois   .            (helmet restricted)
rElec   .            (no cloak)
rCorr   .            (no gloves)
SInv    .            p - +0 pair of boots
Will    .....        (no amulet)
Stlth   +            r - +4 ring of protection
HPRegen 0.27/turn    (no ring)
MPRegen 0.09/turn

%: no passive effects
@: frozen, glowing, very slow
A: antennae 2, claws 1
a: Renounce Religion


You were on level 3 of the Dungeon.
You worshipped Xom.
You were a favourite toy of Xom.
You visited 1 branch of the dungeon, and saw 3 of its levels.

You collected 48 gold pieces.

Inventory:

Hand Weapons
 a - a +0 spear of chaos (weapon)
Missiles
 q - 5 atropa-tipped darts
Armour
 b - a +2 leather armour (worn)
 o - an orb of light (worn)
 p - a +0 pair of boots (worn)
Jewellery
 r - a +4 ring of protection (left claw)
Scrolls
 f - a scroll of immolation {unknown}
 g - a scroll of identify {unknown}
 h - a scroll of enchant armour {unknown}
 j - a scroll of acquirement {unknown}
 l - a scroll of fog {unknown}
 m - a scroll of blinking {unknown}
Potions
 d - a potion of haste {unknown}
 e - 2 potions of lignification {unknown}
 i - 2 potions of heal wounds {unknown}
 k - a potion of flight {unknown}
 n - 2 potions of brilliance {unknown}
Miscellaneous
 c - a piece from Xom's chessboard (15/15) (quivered)


   Skills:
 + Level 4.6 Fighting
 - Level 2.6 Polearms
 - Level 1.7 Armour
 + Level 3.2 Dodging


You had 4 spell levels left.
You didn't know any spells.
Your spell library was empty.

Dungeon Overview and Level Annotations

Branches:
Dungeon (3/15)

Altars:


Innate Abilities, Weirdness & Mutations

You have a pair of antennae on your head.
You have sharp fingernails.


Message History

You see here 5 gold pieces.
The orc barely misses you.
The kobold screams, "I'll kill you anyway!"
The kobold barely misses you.
You see here a ball python corpse.
You barely miss the orc.
The orc priest is no longer unusually agile.
The orc priest invokes the aid of Beogh against you.
Beogh smites you! The orc hits you with a +0 club.
The kobold hits you but does no damage. The kobold barely misses you.
The kobold barely misses you.
The kobold hits itself with a +0 whip.
The kobold is killed!
The orc closely misses you.
You hit the orc but do no damage. The orc barely misses you.
The orc attacks as you move away! The orc barely misses you.
The human changes into a basilisk!
You bump into the rock wall.
The basilisk changes into a naga!
The orc completely misses you.
The orc priest hits you but does no damage.
You're too confused to move!
The orc barely misses you.
The orc priest hits you but does no damage.
You closely miss the orc.
The naga changes into a rime drake!
The orc hits you but does no damage.
The orc priest hits you but does no damage.
You hit the orc.
Space warps around the orc.
You kill the orc!
You feel less confused. The orc priest barely misses you.
The orc priest attacks as you move away!
The orc priest hits you but does no damage.
The rime drake breathes ice at you. The icy flash freeze hits you!
* * * LOW HITPOINT WARNING * * *
A shower of butterflies erupts from you!
You are encased in ice.
The orc priest mumbles some strange prayers to Beogh against you.
Pain shoots through your body!
You die...
Xom guffaws!

..... #####
#.........#
........#...#
#....<....#
........#...#
#.........#
........#...#
#.......)(#
........#...###
#..†.†....#
..............#
#.........##
#......b..#
#...........
#.....bb#
####.#.####.
###.†))@#
#.#...##.
#..k..#
#.###..#.
#.$o### #.#
##.#. #...###
#.# #.#. #.....#
#.# #..†
#####.##..# ...
###.
#.......o.## #).
#......§...#####
#...>o)D†
#....).§........
...#)##..


You could see a rime drake shaped shifter (catching breath, ally target) and an
orc priest.

Vanquished Creatures
  Terence (D:2)
  Jessica (D:2)
  A dart slug (D:2)
  2 worms (D:2)
  An orc (D:3)
  5 bats
  4 endoplasms
  A giant cockroach (D:3)
  A goblin (D:2)
  7 hobgoblins
  3 quokkas
  7 ball pythons
  3 frilled lizards
  9 kobolds
  4 rats
50 creatures vanquished.

Vanquished Creatures (collateral kills)
  An orc priest (D:3)
  2 orcs (D:3)
  A bat (D:3)
  An endoplasm (D:3)
  3 jackals (D:3)
8 creatures vanquished.

Grand Total: 58 creatures vanquished

Notes
Turn   | Place    | Note
-------+----------+-------------------------------------------
     0 | D:1      | Kass the Demonspawn Chaos Knight began the quest for the
                  | Orb.
     0 | D:1      | Reached XP level 1. HP: 18/18 MP: 1/1
    65 | D:1      | Reached skill level 1 in Dodging
    84 | D:1      | XOM: divination: detect creatures
   162 | D:1      | Discovered your monstrous ancestry.
   162 | D:1      | Gained mutation: You have sharp fingernails. [demonic
                  | ancestry]
   162 | D:1      | Reached XP level 2. HP: 21/24 MP: 2/2
   391 | D:1      | XOM: silly message
   457 | D:1      | You fall into a shaft and drop 1 floor!
   688 | D:1      | Gained mutation: You have a pair of small antennae on your
                  | head. [demonic ancestry]
   688 | D:1      | Reached XP level 3. HP: 29/29 MP: 3/3
   886 | D:2      | Noticed Terence
   888 | D:2      | XOM: enchant monster (good)
   906 | D:2      | Killed Terence
   907 | D:2      | Reached skill level 4 in Fighting
   967 | D:2      | Gained mutation: You have a pair of antennae on your head.
                  | [demonic ancestry]
   967 | D:2      | Reached XP level 4. HP: 37/37 MP: 4/4
  1199 | D:2      | Noticed Jessica
  1203 | D:2      | Killed Jessica
  1294 | D:3      | XOM: cast spell 'Summon Dragon'
  1324 | D:3      | Reached XP level 5. HP: 43/43 MP: 5/5
  1331 | D:3      | XOM: 1-stop teleportation journey
  1337 | D:3      | a kobold changed into a shapeshifter
  1337 | D:3      | Noticed a shapeshifter (shapeshifter)
  1337 | D:3      | a shapeshifter changed into a golden eye
  1337 | D:3      | Noticed a golden eye (shapeshifter)
  1338 | D:3      | XOM: fog
  1352 | D:3      | a golden eye changed into a water moccasin
  1352 | D:3      | Noticed a water moccasin (shapeshifter)
  1356 | D:3      | a water moccasin changed into a human
  1356 | D:3      | Noticed a human (shapeshifter)
  1359 | D:3      | XOM: confuse monster(s)
  1373 | D:3      | a human changed into a basilisk
  1373 | D:3      | Noticed a basilisk (shapeshifter)
  1374 | D:3      | a basilisk changed into a naga
  1374 | D:3      | Noticed a naga (shapeshifter)
  1376 | D:3      | a naga changed into a rime drake
  1376 | D:3      | Noticed a rime drake (shapeshifter)
  1378 | D:3      | XOM: butterfly on damage
  1378 | D:3      | Killed from afar by an orc priest

Illustrated notes

Levels and vault maps discovered:
D:1:      saegor_arrival_simple_c, layout_basic
D:2:      layout_basic, chequers_jeans, uniq_jessica, uniq_terence
D:3:      layout_rooms, mainiacjoe_overflow_tiny_flanked

Skill      XL: |  1  2  3  4 |
---------------+-------------+-----
Dodging        | 1 2 3 |  3.2
Fighting       | 4 |  4.6
Polearms       | |  2.6
Armour         | |  1.7

Action                     |  1- 3 |  4- 6 || total
---------------------------+-------+-------++-------
  Melee: Spear             |   116 |    49 ||   165
         Punch             |     1 |       ||     1
   Stab: Petrified         |    11 |       ||    11
 Armour: Leather armour    |    21 |    15 ||    36
  Dodge: Dodged            |    39 |    27 ||    66
